Map: [TLMC18] Calliope

Players

Arrogfire

  • Race: Protoss Protoss
  • League: Grandmaster
  • Spawn Location: 7:00

YoungYakov - Winner!

  • Race: Zerg Zerg
  • Spawn Location: 1:00

VOD

Have the link to the VOD?

Description

Time

  • Played on: Aug. 26, 2023, 7:10 a.m.
  • Length: 14:42
Show
View Real Time Build Order
Export as new Build Order

Arrogfire Protoss 

Build Orders: 1 Gate Expand, Oracle Opening 

Get SALT Encoding   

  12  0:00  Probe  
  13  0:12  Probe  
  14  0:19  Pylon  
  14  0:24  Probe (Chrono Boost)  
  15  0:38  Gateway, Probe (Chrono Boost)  
  16  0:46  Probe (Chrono Boost)  
  16  0:47  Assimilator  
  17  0:52  Probe  
  19  1:04  Probe  
  19  1:16  Probe  
  20  1:23  Nexus  
  20  1:32  Cybernetics Core  
  20  1:36  Probe  
  21  1:41  Assimilator  
  21  1:48  Probe  
  21  1:50  Pylon  
  22  2:00  Probe  
  23  2:06  Adept (Chrono Boost)  
  23  2:12  Probe  
  26  2:21  Stargate  
  26  2:24  Probe (Chrono Boost)  
  26  2:26  Adept (Chrono Boost)  
  29  2:34  Warp Gate  
  29  2:36  Probe (Chrono Boost)  
  31  2:42  Probe (Chrono Boost)  
  32  2:45  Probe (Chrono Boost)  
  32  2:49  Probe (Chrono Boost), Adept  
  32  2:50  Probe (Chrono Boost)  
  36  3:00  Probe  
  36  3:02  Probe  
  36  3:04  Oracle (Chrono Boost)  
  38  3:09  Pylon  
  42  3:12  Probe  
  42  3:14  Probe  
  43  3:24  Probe  
  43  3:26  Probe  
  45  3:33  Oracle (Chrono Boost)  
  43  3:37  Probe  
  43  3:40  Probe  
  46  3:45  Gateway  
  46  3:49  Probe  
  46  3:51  Nexus  
  46  3:52  Probe  
  46  3:53  Pylon  
  48  4:01  Probe  
  49  4:03  Oracle (Chrono Boost)  
  49  4:04  Probe  
  53  4:13  Probe  
  53  4:16  Probe  
  55  4:24  Assimilator, Adept  
  55  4:25  Probe  
  55  4:27  Assimilator  
  55  4:28  Probe, Pylon  
  59  4:35  Robotics Facility  
  59  4:37  Probe  
  60  4:40  Adept  
  62  4:48  Gateway, Forge  
  62  4:49  Probe  
  62  4:50  Adept, Pylon  
  66  4:58  Gateway  
  65  5:03  Shield Battery  
  65  5:04  Stalker  
  67  5:08  Shield Battery  
  67  5:12  Sentry  
  69  5:15  Shield Battery  
  69  5:17  Shield Battery x2  
  69  5:19  Pylon  
  69  5:25  Probe  
  67  5:30  Immortal (Chrono Boost)  
  67  5:32  Stalker  
  68  5:41  Stalker  
  69  5:42  Probe  
  69  5:47  Probe  
  68  5:56  Zealot x2  
  69  5:59  Zealot x3  
  69  6:00  Probe  
  67  6:14  Probe x2  
  67  6:17  Oracle  
  68  6:19  Pylon  
  68  6:25  Zealot x3  
  72  6:36  Shield Battery  
  72  6:41  Probe  
  72  6:45  Zealot  
  75  6:47  Sentry  
  75  6:50  Zealot  
  71  6:55  Stalker  
  71  7:04  Oracle (Chrono Boost)  
  70  7:21  Zealot, Sentry  
  70  7:22  Zealot  
  74  7:25  Stalker  
  76  7:33  Probe x2  
  76  7:35  Protoss Ground Weapons Level 1  
  76  7:36  Oracle (Chrono Boost)  
  81  7:45  Cybernetics Core  
  81  7:52  Pylon  
  81  7:55  Pylon  
  81  8:00  Robotics Bay  
  81  8:18  Pylon  
  81  8:19  Pylon  
  81  8:21  Pylon  
  81  8:36  Immortal, Probe  
  81  8:37  Stalker x2, Probe  
  81  8:38  Stalker  
  93  8:45  Pylon  
  93  8:48  Nexus  
  89  8:56  Stalker  
  89  9:05  Stalker x3  
  89  9:13  Shield Battery  
  83  9:18  Disruptor (Chrono Boost)  
  83  9:20  Stalker  
  83  9:21  Probe x2  
  82  9:33  Probe  
  82  9:35  Stalker x2, Sentry  
  82  9:37  Probe  
  90  9:46  Stalker  
  90  9:51  Shield Battery, Disruptor (Chrono Boost)  
  92  9:54  Photon Cannon  
  92  9:55  Twilight Council  
  92  9:58  Probe x2, Pylon  
  97  10:02  Sentry x2  
  97  10:06  Stalker  
  103  10:10  Probe x2  
  103  10:12  Assimilator  
  105  10:15  Assimilator  
  105  10:17  Stalker, Disruptor (Chrono Boost)  
  110  10:22  Probe  
  110  10:27  Stalker x2  
  115  10:34  Gateway  
  115  10:35  Gateway  
  115  10:38  Gateway  
  115  10:39  Gateway  
  115  10:41  Blink  
  115  10:46  Warp Prism  
  117  10:53  Stalker  
  119  11:01  Stalker x3  
  125  11:07  Probe x2  
  125  11:11  Probe  
  123  11:17  Zealot  
  124  11:19  Probe  
  124  11:22  Probe  
  124  11:24  Stalker  
  128  11:30  Probe  
  129  11:36  Disruptor (Chrono Boost)  
  120  11:42  Stalker x5  
  100  11:59  Stalker x3  
  102  12:10  Stalker x3  
  102  12:11  Probe  
  102  12:12  Probe  
  108  12:17  Probe  
  108  12:22  Stalker  
  109  12:23  Probe  
  103  12:33  Probe  
  95  12:39  Stalker x2, Probe x2  
  91  12:45  Probe  
  88  12:53  Adept  
  89  13:00  Pylon  
  89  13:02  Templar Archives  
  89  13:06  Disruptor (Chrono Boost)  
  92  13:20  Pylon  
  92  13:21  Shield Battery  
  92  13:34  Disruptor  
  92  13:38  High Templar x2  
  92  13:39  High Templar x4  
  107  13:43  Archon x2  
  107  13:44  Archon  
  102  13:55  Zealot  
  102  13:56  Zealot  
  90  14:13  Zealot x3  
  90  14:14  Zealot x2  
  83  14:28  Zealot x3  
Show
View Real Time Build Order
Export as new Build Order

YoungYakov Zerg - Winner!

Build Orders: Hatch First 

Get SALT Encoding   

  12  0:00  Drone  
  13  0:12  Overlord  
  13  0:17  Drone  
  14  0:30  Drone x2  
  16  0:48  Hatchery  
  15  0:51  Drone  
  15  0:55  Drone  
  17  0:58  Drone  
  18  1:09  Extractor  
  17  1:17  Drone, Spawning Pool  
  17  1:21  Drone  
  18  1:28  Drone  
  19  1:38  Drone  
  20  1:49  Drone  
  21  2:00  Overlord  
  21  2:01  Drone  
  21  2:03  Queen x2  
  26  2:11  Drone  
  26  2:12  Drone  
  26  2:14  Metabolic Boost  
  28  2:22  Drone x2  
  30  2:34  Hatchery  
  29  2:40  Zergling x4  
  31  2:45  Queen  
  31  2:49  Overlord  
  33  2:54  Drone x2  
  35  3:01  Zergling x2  
  36  3:08  Zergling x4  
  36  3:09  Queen  
  39  3:21  Drone  
  39  3:22  Drone x4  
  43  3:29  Drone  
  43  3:35  Drone  
  44  3:43  Spore Crawler, Roach Warren  
  44  3:46  Drone  
  44  3:47  Drone x2  
  45  3:51  Queen  
  45  3:54  Extractor, Drone  
  45  3:55  Extractor  
  46  3:56  Queen  
  46  3:57  Drone  
  46  3:58  Drone  
  46  4:00  Overlord  
  50  4:03  Overlord  
  50  4:06  Overlord  
  49  4:20  Drone x4  
  49  4:23  Roach x3  
  58  4:27  Roach x2  
  62  4:33  Spore Crawler  
  62  4:35  Roach  
  62  4:38  Zergling x4  
  64  4:42  Zergling x4  
  64  4:43  Zergling x2  
  67  4:52  Zergling x10  
  71  5:01  Zergling x2  
  71  5:05  Overlord x2, Ravager x2  
  73  5:07  Ravager  
  73  5:09  Overlord  
  74  5:15  Overlord  
  74  5:27  Zergling x14  
  68  5:38  Roach x4  
  72  5:43  Roach, Zergling x2  
  72  5:49  Zergling x6  
  74  5:55  Zergling x2  
  74  5:56  Zergling x4  
  76  6:04  Zergling x10  
  78  6:15  Roach x3, Zergling x2  
  78  6:16  Ravager  
  79  6:18  Ravager x2  
  79  6:20  Ravager x2  
  80  6:29  Zergling x8  
  83  6:34  Zergling x4  
  83  6:52  Roach x5  
  87  7:02  Roach  
  87  7:03  Roach x2  
  86  7:09  Roach x2  
  86  7:10  Roach  
  86  7:11  Queen  
  90  7:20  Drone x3  
  93  7:25  Lair  
  93  7:29  Drone  
  94  7:31  Ravager x3  
  94  7:33  Drone x2  
  98  7:38  Queen  
  99  7:45  Drone x5  
  99  7:50  Spore Crawler  
  103  7:54  Drone x2  
  100  8:10  Drone x7  
  105  8:18  Overlord x3  
  105  8:20  Overlord  
  105  8:26  Glial Reconstitution  
  105  8:28  Overlord x2  
  105  8:29  Evolution Chamber  
  104  8:43  Overlord  
  104  8:44  Drone x8  
  103  8:55  Drone  
  103  8:56  Drone x6  
  107  9:08  Drone x5  
  106  9:12  Zerg Missile Weapons Level 1  
  106  9:13  Extractor  
  106  9:14  Extractor  
  97  9:18  Roach x6  
  104  9:26  Roach x2  
  104  9:27  Hatchery  
  97  9:35  Queen x3, Hydralisk Den  
  93  9:39  Roach x4  
  93  9:42  Zergling x6  
  93  9:43  Overlord  
  104  9:52  Roach x5  
  114  9:55  Extractor  
  114  9:58  Drone x2  
  115  10:03  Zergling x2  
  115  10:06  Muscular Augments  
  116  10:09  Drone x2  
  116  10:12  Drone x2  
  116  10:13  Roach x5  
  130  10:24  Roach x3  
  136  10:30  Overlord  
  136  10:33  Drone x2  
  138  10:37  Spore Crawler  
  138  10:39  Overlord  
  138  10:40  Ravager  
  138  10:41  Ravager x4  
  142  10:43  Drone x6  
  142  10:47  Zergling x6  
  151  10:50  Overlord, Ravager x2  
  151  10:54  Baneling Nest, Zergling x2  
  151  10:55  Zergling x6  
  152  11:07  Zergling x8  
  156  11:15  Zergling x18  
  156  11:16  Zerg Missile Weapons Level 2  
  164  11:24  Zergling x2  
  164  11:25  Zergling x6  
  163  11:39  Hatchery  
  148  11:40  Roach x7  
  148  11:44  Centrifugal Hooks  
  152  11:48  Infestation Pit  
  152  11:50  Extractor  
  152  11:51  Extractor  
  152  11:52  Zergling x2  
  152  11:53  Zergling x10  
  154  12:05  Roach x6  
  161  12:18  Roach x7  
  161  12:19  Roach  
  160  12:30  Roach x9  
  160  12:36  Roach x4  
  162  12:44  Drone x3  
  162  12:45  Drone x4  
  162  12:47  Hive  
  162  12:48  Roach  
  162  12:49  Roach  
  158  12:54  Overseer  
  158  12:55  Queen  
  158  12:57  Queen  
  162  12:59  Drone  
  162  13:01  Ravager x4  
  162  13:02  Zergling x10  
  172  13:07  Spore Crawler  
  172  13:08  Grooved Spines  
  172  13:09  Zergling x12  
  177  13:14  Ravager  
  177  13:15  Zergling x6  
  177  13:18  Zergling x2  
  179  13:28  Zergling x6  
  179  13:29  Overlord  
  182  13:36  Lurker Den  
  180  13:54  Zergling x8  
  180  13:55  Zergling x4  
  186  13:58  Zergling x2  
  186  13:59  Zergling x6  
  189  14:09  Overlord  
  185  14:10  Zergling x12  
  185  14:11  Zergling x2  
  179  14:20  Roach x7  
Tags
 
Add a new tag
Caveats
  • Supply blocks, unpowered buildings, or Contaminate may cause inaccurate times.
  • Supply counts are checked every 10 seconds.